AoeStats
← yhsien

Golden Pit

509096870Analyzed
1v1 RM · 8d ago on Sep 25, 2026· 32m 24s· 2 players
Game mode
Random Map
Map size
Tiny (2 player)
Population
200
Speed
Normal
Resources
Standard
Victory
Conquest
Starting age
Dark Age
Ending age
Imperial Age
RankedLock teamsTeams togetherTeam positionsShared explorationLock speedFull tech treeHidden civsTurbo modeCheats
Victory
Defeat
🇩🇪 Teutons · Germany
989
+15
🇹🇼 Khmer · Taiwan
973
-15
yhsien
9:46 Feudal Age
8:01 Loom
11:31 Double-Bit Axe
17:49 Gold Mining
17:43 Horse Collar
23:07 Castle Age
21:01 Gold Mining
21:02 Stone Mining
23:19 Wheelbarrow
24:55 Wheelbarrow
24:26 Husbandry
23:51 Pikeman
24:34 Town Watch
27:21 Hand Cart
27:20 Scale Barding Armor
29:20 Town Watch
30:59 Town Patrol
31:29 Chain Barding Armor
31:13 Scale Mail Armor
32:09 Gold Shaft Mining
31:37 Heavy Plow
Hanni2202
0:27 Loom
12:02 Feudal Age
20:29 Castle Age
30:56 Imperial Age
29:03 Wheelbarrow
28:13 Town Watch
29:07 Horse Collar
29:13 Double-Bit Axe
29:21 Fletching
29:57 Bodkin Arrow
30:03 Heavy Plow
31:08 Hand Cart
31:31 Bow Saw
31:08 Pikeman
31:48 Squires
Connection lost

Rejoining the realm…

Still unreachable

The connection could not be restored.

Session expired

The server has moved on; the page needs a fresh start.